Map: Sueño ártico EE

Players

MrFercho

  • Race: Zerg Zerg
  • Spawn Location: 5:00

tigro

  • Race: Terran Terran
  • Spawn Location: 6:00

FGFG

  • Race: Terran Terran
  • Spawn Location: 12:00

ManBearPig

  • Race: Terran Terran
  • Spawn Location: 11:00

VOD

Have the link to the VOD?

Description

Time

  • Played on: June 9, 2020, 10:46 p.m.
  • Length: 25:20
Show
View Real Time Build Order
Export as new Build Order

MrFercho Zerg 

Build Orders: Hatch First 

Get SALT Encoding   

  12  0:03  Drone  
  13  0:16  Overlord  
  13  0:18  Drone  
  14  0:34  Drone x2  
  16  0:44  Drone  
  17  0:59  Hatchery  
  17  1:00  Drone x2  
  18  1:17  Spawning Pool  
  17  1:21  Drone  
  18  1:27  Drone  
  19  1:33  Extractor, Drone  
  19  1:45  Drone  
  20  1:53  Drone  
  21  2:04  Overlord  
  21  2:13  Overlord  
  21  2:14  Drone  
  22  2:18  Queen x2  
  22  2:22  Drone  
  27  2:25  Drone  
  28  2:41  Drone x2  
  28  2:43  Drone  
  31  2:46  Drone  
  32  2:51  Extractor  
  32  2:53  Extractor  
  30  3:00  Spine Crawler  
  30  3:03  Drone x2  
  30  3:05  Queen  
  33  3:08  Lair  
  33  3:09  Drone x2  
  35  3:15  Drone, Spine Crawler  
  35  3:20  Drone  
  36  3:34  Drone x8  
  44  4:00  Overlord x3  
  44  4:01  Overlord  
  44  4:11  Roach Warren  
  44  4:13  Evolution Chamber  
  44  4:16  Drone x2  
  44  4:18  Overlord  
  44  4:20  Drone x4  
  48  4:48  Hydralisk Den  
  48  4:49  Zerg Missile Weapons Level 1  
  48  4:50  Hatchery  
  46  4:55  Roach x3  
  46  4:56  Roach x5  
  62  5:14  Drone x3  
  65  5:26  Glial Reconstitution  
  65  5:28  Grooved Spines  
  65  5:34  Evolution Chamber  
  64  6:05  Drone x11  
  75  6:19  Hatchery  
  75  6:24  Zerg Ground Armor Level 1  
  74  6:35  Infestation Pit  
  74  6:39  Muscular Augments  
  73  6:40  Overlord x2  
  73  6:41  Overlord x2  
  73  6:52  Hydralisk x4  
  81  6:55  Overlord x3  
  81  6:56  Overlord  
  81  7:33  Drone  
  81  7:34  Extractor, Drone x8  
  89  7:39  Extractor  
  88  8:13  Drone  
  88  8:14  Drone x7  
  96  8:27  Hatchery  
  96  8:29  Zerg Missile Weapons Level 2, Zerg Ground Armor Level 2  
  95  8:34  Extractor x2  
  93  8:43  Hydralisk  
  93  8:44  Hydralisk x9  
  113  9:03  Hatchery  
  113  9:05  Hatchery x2  
  110  9:20  Extractor  
  109  9:25  Drone  
  109  9:26  Drone x2  
  109  9:28  Drone  
  113  9:36  Drone x13  
  126  9:53  Overlord  
  126  9:54  Overlord x3  
  126  9:58  Hive  
  126  10:00  Hatchery  
  126  10:03  Spire  
  124  10:09  Spire  
  123  10:23  Drone x2  
  123  10:24  Drone x6  
  123  10:25  Drone x3  
  123  10:26  Drone  
  135  10:43  Hydralisk x16  
  135  10:44  Hydralisk x4  
  164  11:28  Spore Crawler  
  164  11:32  Hydralisk x8  
  158  11:33  Hydralisk x13  
  185  11:57  Hatchery  
  184  12:09  Drone x3  
  184  12:13  Drone x3  
  184  12:14  Drone x6  
  184  12:15  Drone x3  
  198  12:16  Drone  
  198  12:50  Zerg Missile Weapons Level 3, Zerg Ground Armor Level 3  
  138  13:10  Hydralisk x16  
  138  13:11  Hydralisk x8  
  155  13:23  Spore Crawler  
  152  13:29  Greater Spire  
  152  13:30  Zerg Flyer Weapons Level 1  
  137  14:07  Drone x3  
  137  14:08  Drone x5  
  137  14:09  Drone x2  
  145  14:14  Extractor  
  140  14:20  Extractor  
  131  14:50  Queen  
  131  14:51  Queen  
  131  14:52  Queen  
  137  14:53  Hydralisk x5  
  137  14:54  Hydralisk x22  
  137  16:20  Hydralisk x10  
  137  16:21  Hydralisk x17  
  169  16:32  Extractor, Hatchery  
  150  16:45  Hydralisk x18  
  162  17:20  Greater Spire  
  151  17:33  Hydralisk  
  151  17:34  Hydralisk x21  
  151  17:35  Hydralisk x2  
  149  18:42  Hydralisk  
  149  18:43  Hydralisk x26  
  163  19:06  Drone x2  
  157  19:32  Drone x3  
  160  19:42  Drone x4  
  160  19:43  Drone x8  
  160  19:44  Drone x6  
  178  19:55  Extractor  
  132  20:44  Hydralisk x19  
  132  20:45  Hydralisk x5  
  117  21:12  Hatchery  
  115  21:22  Hydralisk x8  
  115  21:23  Hydralisk x13  
  154  21:47  Drone  
  155  22:02  Overlord x12  
  155  22:03  Overlord x9  
  155  22:22  Extractor  
  154  22:25  Drone  
  154  22:26  Drone x2  
  157  22:34  Spire  
  157  22:36  Spire  
  155  22:43  Queen  
  157  22:56  Hydralisk Den  
  157  22:57  Pneumatized Carapace  
  114  23:34  Hydralisk x3  
  114  23:35  Hydralisk x25  
  114  23:36  Hydralisk x4  
  114  23:37  Hydralisk  
  144  23:54  Mutalisk x4  
  76  24:42  Hydralisk  
  76  24:43  Hydralisk x10  
Show
View Real Time Build Order
Export as new Build Order

tigro Terran 

Build Orders:  

Get SALT Encoding   

  12  0:02  SCV  
  13  0:14  SCV  
  14  0:27  SCV  
  15  0:31  Supply Depot  
  15  0:35  Refinery  
  15  0:53  SCV  
  16  1:08  Barracks  
  16  1:11  SCV  
  17  1:20  Refinery  
  17  1:23  SCV  
  18  1:35  SCV  
  19  1:47  SCV  
  20  1:57  Supply Depot, Marine  
  20  1:59  SCV  
  22  2:11  SCV  
  23  2:18  Marine  
  24  2:36  Command Center, Marine  
  25  2:51  Barracks  
  25  2:53  Marine  
  25  3:11  Marine  
  26  3:44  Barracks Tech Lab  
  26  4:01  Barracks Tech Lab  
  26  4:04  Combat Shield  
  26  4:08  Orbital Command  
  26  4:20  Stimpack  
  26  4:34  SCV  
  27  4:41  Marine x2  
  29  4:52  Engineering Bay  
  29  4:55  SCV  
  29  4:59  Marine x2  
  32  5:07  SCV, Refinery  
  32  5:09  SCV  
  34  5:17  Marine x2  
  34  5:21  SCV  
  37  5:23  Concussive Shells  
  37  5:25  Terran Infantry Weapons Level 1  
  37  5:33  SCV  
  37  5:34  Factory  
  37  5:35  Marine x2  
  40  5:44  Refinery  
  40  5:45  SCV  
  41  5:52  Marine  
  41  5:53  Marine  
  43  5:57  SCV  
  44  6:09  SCV  
  42  6:21  SCV  
  36  6:35  Factory Tech Lab  
  36  6:43  Planetary Fortress  
  36  6:54  Starport  
  36  7:12  Siege Tank  
  36  7:15  Marine  
  40  7:18  Marine  
  40  7:19  Terran Infantry Armor Level 1  
  41  7:33  Marine  
  41  7:35  Marine  
  43  7:40  Medivac  
  45  7:44  Siege Tank  
  45  7:48  Missile Turret  
  45  7:51  Marine  
  49  7:53  Marine  
  50  8:08  Marine  
  50  8:10  Medivac  
  50  8:11  Marine  
  54  8:16  Siege Tank  
  57  8:23  Missile Turret  
  57  8:26  Marine  
  58  8:29  Marine  
  58  8:32  Fusion Core  
  59  8:44  Marine  
  59  8:46  Missile Turret  
  59  8:47  Marine, Starport Tech Lab  
  61  9:02  Marine  
  62  9:13  Neosteel Armor  
  62  9:35  Supply Depot  
  62  9:42  Weapon Refit  
  62  9:56  Marine x2, Battlecruiser  
  70  10:02  Supply Depot  
  70  10:04  Siege Tank, SCV  
  74  10:14  Marine  
  74  10:16  SCV  
  76  10:24  Supply Depot  
  76  10:28  SCV  
  76  10:30  Missile Turret  
  77  10:36  Siege Tank  
  77  10:40  SCV  
  81  10:52  SCV  
  81  10:53  Hi-Sec Auto Tracking  
  82  10:59  Armory  
  82  11:00  Battlecruiser  
  88  11:22  Rapid Reignition System  
  88  11:35  Marine  
  88  11:36  Marine  
  90  11:53  Marine x2  
  92  12:11  Marine x2  
  94  12:17  Battlecruiser  
  94  12:18  Advanced Ballistics  
  100  12:29  Marine x2  
  102  12:34  SCV  
  103  12:46  SCV  
  103  12:47  Marine x2  
  106  13:09  Thor  
  96  13:21  Battlecruiser  
  81  13:51  Thor  
  82  14:25  Battlecruiser  
  83  14:34  Thor  
  71  15:08  Missile Turret  
  71  15:09  Marine x2  
  71  15:13  Terran Infantry Weapons Level 2  
  73  15:17  Terran Vehicle Weapons Level 1  
  73  15:20  Thor  
  79  15:26  Marine  
  79  15:27  Marine  
  79  15:28  Missile Turret  
  81  15:29  Battlecruiser  
  87  15:44  Marine x2  
  89  16:02  Thor, Marine x2, Refinery  
  97  16:17  Refinery  
  97  16:20  Marine x2  
  97  16:34  Battlecruiser  
  97  16:38  Marine x2  
  99  16:45  Thor  
  83  16:56  Marine x2  
  78  17:11  Terran Vehicle And Ship Armor Level 1  
  78  17:13  Marine x2  
  79  17:28  Thor  
  79  17:29  Terran Infantry Armor Level 2  
  85  17:31  Marine  
  85  17:34  Marine  
  87  17:37  Medivac  
  89  17:49  Marine  
  90  17:52  Marine  
  72  18:07  Medivac, Marine  
  72  18:09  Marine  
  72  18:11  Thor  
  75  18:25  Marine  
  67  18:27  Marine  
  58  18:38  Battlecruiser  
  55  18:42  Marine  
  55  18:45  Marine  
  28  19:05  Terran Ship Weapons Level 1  
  27  19:29  Missile Turret  
  27  19:42  Battlecruiser  
  33  19:59  Missile Turret  
  33  20:03  SCV  
  34  20:15  SCV x2  
  36  20:23  Missile Turret  
  36  20:27  SCV x2  
  38  20:39  Marine x2, SCV x2  
  42  20:46  Battlecruiser  
  42  20:49  Missile Turret  
  48  20:51  SCV  
  49  20:59  Marine x2  
  51  21:17  Marine x2  
  53  21:19  Missile Turret  
  53  21:40  Missile Turret  
  48  22:02  Missile Turret  
  23  22:24  Missile Turret  
  23  22:26  Marine x2  
  19  22:43  Marine  
  19  22:44  Marine  
  13  23:01  Marine x2  
  12  23:19  Marine x2  
  10  23:37  Marine x2  
  12  23:55  Marine x2  
  8  24:12  Marine  
  8  24:13  Marine  
  10  24:30  Marine x2  
  12  24:32  Orbital Command  
  6  25:06  SCV  
Show
View Real Time Build Order
Export as new Build Order

FGFG Terran 

Build Orders:  

Get SALT Encoding   

  12  0:14  Supply Depot  
  12  0:27  Supply Depot  
  12  0:39  Engineering Bay  
  12  0:58  Barracks  
  12  1:04  Refinery  
  12  1:06  Supply Depot, SCV  
  13  1:19  SCV  
  14  1:31  SCV  
  15  1:43  SCV  
  16  1:55  Barracks Tech Lab, SCV  
  18  2:14  Orbital Command  
  17  2:18  Supply Depot  
  17  2:20  Marauder  
  19  2:41  Marine  
  20  2:50  SCV  
  21  2:52  Refinery  
  21  2:59  Marine  
  22  3:12  Command Center  
  22  3:21  Marauder  
  24  3:42  Barracks  
  24  3:45  Stimpack  
  24  3:47  Marauder  
  26  3:49  SCV  
  27  4:02  SCV  
  28  4:14  Factory, SCV  
  29  4:24  Marauder  
  29  4:28  SCV  
  32  4:31  SCV  
  32  4:35  Barracks Reactor  
  33  4:41  SCV  
  34  4:49  SCV  
  34  4:52  Marauder  
  38  5:07  SCV x2  
  38  5:10  Factory Tech Lab  
  39  5:15  Marauder  
  39  5:19  Marine, SCV  
  43  5:24  Supply Depot  
  43  5:44  Marine x2  
  43  5:45  Marauder, SCV  
  48  5:56  Supply Depot  
  48  5:57  SCV  
  48  6:01  Marine  
  50  6:09  SCV  
  49  6:18  Supply Depot  
  40  6:29  Marine x2  
  40  6:30  Marauder  
  40  6:38  SCV x2  
  42  6:46  Siege Tank  
  45  6:47  Marine x2  
  45  6:50  SCV  
  45  6:51  Marauder  
  50  6:57  SCV  
  51  7:02  SCV  
  51  7:04  Marine  
  51  7:05  Marine  
  53  7:09  SCV  
  53  7:13  Marauder  
  53  7:14  SCV  
  57  7:18  Siege Tank  
  57  7:21  SCV  
  57  7:22  Marine  
  61  7:26  SCV  
  61  7:27  Marine  
  64  7:33  SCV  
  64  7:34  Marine  
  66  7:38  SCV, Refinery  
  66  7:40  Marine  
  68  7:44  Marine  
  68  7:45  SCV  
  68  7:50  SCV  
  71  7:52  Marauder  
  71  7:54  Siege Tank  
  71  7:58  Marine  
  76  8:02  Marine  
  78  8:10  Engineering Bay  
  78  8:13  Marauder  
  78  8:17  SCV  
  78  8:18  Barracks  
  81  8:21  Orbital Command  
  81  8:22  Engineering Bay  
  81  8:26  Refinery  
  81  8:29  SCV  
  82  8:38  Marine x2  
  82  8:41  SCV  
  85  8:48  Command Center  
  85  8:53  SCV  
  86  9:06  Supply Depot  
  86  9:08  Supply Depot, Terran Infantry Weapons Level 1  
  86  9:09  Terran Infantry Armor Level 1  
  86  9:27  Marine x2, SCV x2  
  86  9:29  Supply Depot  
  86  9:31  Siege Tank  
  93  9:32  Supply Depot  
  93  9:33  Barracks Tech Lab  
  93  9:39  SCV x2  
  93  9:40  Starport  
  93  9:43  Marine  
  93  9:45  Marauder, Marine  
  99  9:52  SCV x2  
  101  9:56  Supply Depot  
  101  10:03  Planetary Fortress  
  101  10:04  SCV x2  
  105  10:07  Marauder, Refinery  
  105  10:10  Siege Tank  
  108  10:19  Supply Depot  
  108  10:21  Marine x3  
  113  10:28  Marauder, Starport Reactor  
  113  10:34  Refinery  
  113  10:42  Marine x3, Siege Tank  
  119  10:44  Supply Depot  
  119  10:48  SCV x3  
  124  10:50  Marauder  
  124  11:00  SCV x3  
  124  11:01  Marine  
  124  11:02  Marine x2  
  130  11:10  Medivac x2, Marine  
  135  11:12  SCV  
  135  11:14  Siege Tank  
  139  11:19  Marine x2  
  139  11:20  Marauder  
  143  11:28  Marine  
  134  11:40  Medivac  
  134  11:41  Marauder  
  127  11:49  Marine x3  
  127  11:52  Medivac  
  132  12:02  Marine  
  132  12:07  Marine x2  
  132  12:08  Marauder  
  137  12:10  Medivac  
  137  12:12  Siege Tank  
  142  12:20  Marine  
  143  12:25  Marine x2  
  143  12:26  Armory  
  143  12:29  Marauder  
  147  12:30  Medivac  
  149  12:38  Marine  
  149  12:40  Medivac  
  149  12:42  Marine x2  
  154  12:50  Marine  
  155  12:56  Marauder  
  144  13:00  Marine x2  
  146  13:08  Marine  
  130  13:17  Marine  
  130  13:18  Marine x2  
  125  13:25  Marine  
  118  13:36  Marauder, Marine x2, Siege Tank  
  125  13:43  Marine  
  126  13:54  Marine x2  
  128  13:57  Marauder  
  128  14:02  Marauder  
  114  14:08  Siege Tank  
  115  14:12  Marine x2  
  117  14:18  Marauder  
  117  14:23  Marauder  
  116  14:29  Marine x2  
  112  14:41  Siege Tank  
  112  14:44  Marine  
  116  14:47  Marine x2  
  118  15:02  Marauder  
  120  15:24  Marauder  
  120  15:26  Barracks  
  120  15:27  Barracks  
  122  15:46  SCV  
  122  15:47  SCV x2  
  122  15:48  Marine x3  
  122  15:49  Marine  
  129  15:59  SCV x3  
  129  16:06  Marine x4  
  109  16:24  Marine  
  109  16:25  Marauder  
  99  16:48  Marine x3  
  99  16:49  Marauder  
  104  16:57  Orbital Command  
  104  17:06  Marine x3  
  107  17:10  Marauder  
  98  17:23  Marine  
  98  17:24  Marine  
  98  17:28  Barracks  
  98  17:29  Barracks  
  96  17:31  Barracks x2  
  96  17:32  Marauder  
  93  17:41  Marine  
  93  17:42  Marine  
  77  17:53  Marauder  
  73  17:59  Marine x2  
  75  18:14  Marauder  
  75  18:15  Barracks x3  
  75  18:16  Barracks  
  75  18:17  Barracks, Marine x2  
  75  18:19  Barracks  
  79  18:35  Marine  
  79  18:36  Marauder  
  79  18:37  Siege Tank  
  59  18:57  Marauder  
  59  19:00  Marine x2  
  60  19:05  Barracks Tech Lab  
  60  19:06  Barracks Tech Lab x2  
  60  19:07  Barracks Tech Lab  
  60  19:09  Siege Tank  
  63  19:18  Marine x2  
  63  19:19  Marauder  
  67  19:25  Engineering Bay  
  67  19:41  Barracks Tech Lab, Siege Tank  
  67  19:42  Marauder x2, Factory  
  67  19:43  Marauder  
  67  19:44  Factory  
  76  19:46  Marine  
  76  19:47  Marine  
  76  19:48  Marauder  
  76  19:51  Engineering Bay  
  80  20:04  Marauder x2, Command Center  
  80  20:05  Command Center, Marine x2  
  80  20:06  Marine x2  
  88  20:09  Marauder  
  88  20:13  Siege Tank  
  93  20:23  Marine x2  
  93  20:24  Marauder x2  
  93  20:25  Marauder x2  
  103  20:30  Marine  
  104  20:39  Medivac x2  
  104  20:41  Marine x2  
  110  20:45  Marauder, Siege Tank  
  110  20:46  Marauder, Marine x2  
  110  20:48  Marine  
  120  20:59  Marine x2  
  122  21:04  Marauder x2  
  122  21:06  Marauder  
  122  21:07  Marauder x2, Armory  
  122  21:08  Concussive Shells  
  132  21:17  Marine x2  
  134  21:25  Marine x2  
  135  21:27  Marine  
  135  21:28  Marine x2  
  139  21:38  Marine  
  139  21:39  Siege Tank  
  143  21:43  Marauder  
  143  21:44  Marauder  
  143  21:45  Marauder  
  143  21:46  Marauder  
  151  22:32  Marine x2  
  151  22:33  Marauder, Marine x3  
  151  22:34  Marauder  
  162  22:51  Marauder  
  154  23:18  Marine x3  
  154  23:19  Marauder x3, Marine  
  112  23:36  Marine x2  
  112  23:37  Marauder x2  
  112  23:40  Marauder  
  98  23:44  Marine x2  
  97  23:53  Marine  
  97  23:54  Marine  
  99  23:58  Marine x2  
  99  24:01  Marine  
  99  24:02  Marine x2  
  104  24:03  Siege Tank  
  107  24:11  Marine  
  107  24:12  Marine  
  107  24:16  Marauder, Marine  
  112  24:18  Refinery  
  112  24:19  Marine  
  112  24:20  Marauder, Refinery  
  115  24:35  Siege Tank  
  117  24:54  Marine x5  
  117  24:55  Marine x2  
Show
View Real Time Build Order
Export as new Build Order

ManBearPig Terran 

Build Orders: Reaper Expand 

Get SALT Encoding   

  12  0:05  SCV  
  13  0:18  SCV  
  13  0:20  Supply Depot  
  14  0:39  SCV  
  15  0:49  Barracks  
  15  0:52  SCV  
  16  1:04  SCV  
  16  1:07  Refinery  
  17  1:16  SCV  
  19  1:38  Supply Depot  
  19  1:41  Orbital Command  
  18  1:53  Command Center  
  18  1:56  Reaper  
  18  2:26  Command Center  
  18  2:30  SCV  
  19  2:43  Barracks Tech Lab  
  19  3:02  SCV  
  20  3:14  SCV  
  21  3:24  SCV  
  21  3:26  SCV  
  23  3:36  SCV  
  23  3:38  SCV  
  25  3:44  SCV  
  26  3:48  SCV  
  26  3:50  SCV  
  27  3:56  SCV  
  28  4:02  Engineering Bay  
  28  4:08  SCV  
  28  4:09  Marine  
  30  4:15  Orbital Command  
  30  4:16  Refinery  
  30  4:22  SCV  
  32  4:26  Marine  
  33  4:31  Planetary Fortress  
  33  4:34  Factory, SCV  
  33  4:43  Bunker  
  33  4:44  Marine  
  34  4:46  SCV  
  35  4:53  SCV  
  35  4:55  Factory  
  35  4:59  SCV  
  37  5:02  Marine  
  37  5:04  Missile Turret  
  37  5:05  SCV  
  39  5:08  Missile Turret  
  39  5:09  Missile Turret x2  
  39  5:11  SCV  
  40  5:15  Hi-Sec Auto Tracking  
  40  5:17  SCV  
  40  5:20  Marine, SCV  
  43  5:23  SCV  
  43  5:26  Factory Tech Lab  
  44  5:29  SCV  
  44  5:32  SCV  
  44  5:35  Supply Depot, SCV  
  47  5:36  Supply Depot  
  47  5:38  Supply Depot, Marine  
  47  5:40  Supply Depot  
  47  5:41  Supply Depot, SCV  
  49  5:43  Supply Depot  
  49  5:44  SCV  
  49  5:47  SCV  
  51  5:53  SCV  
  51  5:54  Refinery  
  51  5:55  Marine  
  53  6:05  SCV  
  53  6:07  Refinery  
  53  6:09  Factory Tech Lab  
  54  6:12  Neosteel Armor  
  54  6:16  Armory  
  54  6:17  SCV  
  55  6:20  Starport  
  55  6:27  SCV x2  
  55  6:29  SCV  
  58  6:39  SCV  
  59  6:41  SCV  
  59  6:42  Missile Turret  
  60  6:57  SCV  
  60  7:00  Sensor Tower  
  61  7:02  Missile Turret  
  61  7:07  Siege Tank x2  
  67  7:09  SCV  
  67  7:10  Marauder  
  70  7:18  Supply Depot  
  70  7:22  SCV  
  71  7:23  Supply Depot, Starport Tech Lab  
  71  7:24  Supply Depot  
  71  7:26  Supply Depot  
  71  7:27  Supply Depot  
  71  7:31  Marauder  
  71  7:34  SCV  
  74  7:39  Fusion Core  
  74  7:45  Supply Depot  
  74  7:46  Supply Depot  
  74  7:47  SCV x2  
  76  7:53  Marauder  
  76  7:55  Refinery  
  78  7:59  Refinery  
  78  8:06  SCV x2  
  78  8:07  SCV  
  81  8:17  Thor x2  
  93  8:24  Terran Vehicle And Ship Armor Level 1  
  93  8:35  SCV  
  94  8:45  Battlecruiser  
  94  8:47  SCV  
  101  8:50  Marine  
  102  8:59  SCV  
  103  9:06  Starport  
  103  9:07  Marine  
  103  9:09  Thor x2  
  116  9:11  SCV  
  116  9:15  Armory  
  117  9:23  SCV  
  118  9:25  Marine  
  119  9:38  Weapon Refit  
  119  9:43  Marine  
  120  9:49  Battlecruiser  
  120  9:52  Thor x2  
  138  9:55  Starport Tech Lab  
  138  10:01  Marine  
  139  10:07  Command Center  
  139  10:09  Command Center  
  139  10:23  Terran Vehicle And Ship Armor Level 2  
  139  10:25  Terran Ship Weapons Level 1  
  139  10:32  Viking  
  139  10:33  Marine  
  142  10:47  Supply Depot  
  142  10:51  Supply Depot x2, Marine  
  142  10:52  Supply Depot  
  142  10:53  Supply Depot, Battlecruiser  
  149  10:58  Supply Depot x2  
  149  11:02  Viking  
  151  11:09  Marine  
  152  11:19  Command Center  
  152  11:27  Marine  
  153  11:35  Battlecruiser  
  153  11:39  Hellion x2  
  163  11:48  Planetary Fortress  
  163  11:50  Planetary Fortress  
  163  11:53  SCV x3  
  166  11:58  Battlecruiser  
  166  12:00  Hellion  
  166  12:01  Hellion  
  176  12:05  SCV x3  
  179  12:17  SCV x3  
  179  12:22  Hellion x2  
  186  12:39  Battlecruiser  
  186  12:43  Thor, Hellion  
  175  13:02  Battlecruiser  
  175  13:03  Terran Vehicle And Ship Armor Level 3  
  175  13:04  Terran Vehicle Weapons Level 1  
  161  13:14  Hellion  
  145  13:26  Hellion  
  123  13:35  Hellion  
  110  13:43  Battlecruiser  
  110  13:48  Hellion  
  117  13:57  Hellion  
  119  14:06  Battlecruiser  
  119  14:09  Hellion  
  127  14:17  Factory  
  127  14:18  Thor  
  127  14:19  Factory  
  133  14:26  Factory  
  133  14:30  Thor  
  139  14:48  Refinery  
  139  14:50  Refinery  
  139  15:01  Factory Tech Lab  
  133  15:07  Terran Ship Weapons Level 2  
  133  15:11  SCV  
  134  15:23  SCV  
  125  15:40  Terran Vehicle Weapons Level 2, SCV x2  
  125  15:41  SCV x3  
  130  15:51  Refinery  
  130  15:53  SCV  
  130  15:54  Factory Tech Lab x2  
  130  15:56  Thor x2  
  143  15:57  Thor  
  143  16:02  Battlecruiser  
  143  16:03  Battlecruiser  
  161  16:05  SCV  
  162  17:08  Battlecruiser  
  156  17:37  Factory Tech Lab  
  156  17:38  Thor x4  
  156  17:40  Battlecruiser  
  184  18:09  Thor  
  184  18:12  Battlecruiser  
  196  19:15  Factory Tech Lab  
  196  20:09  SCV x2  
  196  20:10  SCV x2  
  174  21:14  Thor x3  
  174  21:15  Thor x2  
  156  21:47  Battlecruiser x2  
  162  21:57  Thor x3  
  186  22:51  Battlecruiser x2  
  192  23:02  Thor  
Tags
 
Add a new tag
Caveats
  • Supply blocks, unpowered buildings, or Contaminate may cause inaccurate times.
  • Supply counts are checked every 10 seconds.